[Event "Titled Tuesday Blitz August 08 Early 2023"]
[White "Skiadopoulos, Nikolaos"]
[Black "Gontcharov, Vladislav"]
[WhiteFideId "4200772"]
[BlackFideId "4123492"]
[WhiteElo "1880"]
[BlackElo "2528"]
[Result "0-1"]
[Round "1"]
[TimeControl "180+1"]
[Date "2023.08.08"]
[WhiteClock "0:00:03"]
[BlackClock "0:00:41"]
[Board "271"]

1. e4 e6 2. d4 d5 3. e5 c5 4. c3 Nc6 5. Nf3 Nge7 6. Na3 cxd4 7. cxd4 Nf5 8. Nc2 Nh4 9. Nxh4 Qxh4 10. Be3 Qd8 11. a3 Bd7 12. Bd3 Qb6 13. b4 Ne7 14. Qe2 Nf5 15. Bxf5 exf5 16. O-O Be7 17. Ne1 Bb5 18. Nd3 Qa6 19. Rfd1 Rc8 20. Qd2 Bxd3 21. Qxd3 Qxd3 22. Rxd3 Kd7 23. Kf1 Rc4 24. Rdd1 Rhc8 25. Rdc1 Rc2 26. Rxc2 Rxc2 27. Rc1 Ra2 28. Rc3 a5 29. Rb3 axb4 30. axb4 Kc6 31. Ke1 Kb5 32. Bd2 Ra4 33. Rh3 h6 34. Rf3 g6 35. g4 Ra1+ 36. Ke2 Ra2 37. Ke1 Bxb4 38. Bxb4 Kxb4 39. gxf5 gxf5 40. Rxf5 b5 41. Rxf7 Kc4 42. e6 Ra6 43. e7 Re6+ 44. Kd2 b4 45. f4 b3 46. f5 Re4 47. f6 Rxd4+ 48. Kc1 Kc3 49. e8=Q b2+ 50. Kb1 Rd1+ 51. Ka2 Ra1# 0-1


[Site "https://www.chess.com"]

[Event "Titled Tuesday Blitz August 08 Early 2023"]
[White "Shukhman, Anna"]
[Black "Al Mutairi, Hassan S"]
[WhiteFideId "54180058"]
[BlackFideId "21500193"]
[WhiteElo "2527"]
[BlackElo "1709"]
[Result "1-0"]
[Round "1"]
[TimeControl "180+1"]
[Date "2023.08.08"]
[WhiteClock "0:01:14"]
[BlackClock "0:01:32"]
[Board "272"]

1. e4 c5 2. Nf3 d6 3. d4 cxd4 4. Nxd4 Nf6 5. Nc3 g6 6. Be3 Bg7 7. f3 O-O 8. Qd2 Nc6 9. g4 h5 10. g5 Nd7 11. O-O-O a6 12. f4 Qa5 13. f5 Nb4 14. a3 Nc6 15. fxg6 fxg6 16. Bc4+ Kh7 17. Ne6 Bxc3 18. Nxf8+ Kg7 19. Ne6+ Kh8 20. Qxc3+ Qxc3 21. bxc3 Nde5 22. Bd5 Bxe6 23. Bxe6 Rf8 24. Rhf1 Nf3 25. Rf2 Nce5 26. Rdf1 Kh7 27. Bd4 Nxd4 28. Rxf8 Nxe6 29. Re8 Nc6 30. Rf7+ Ng7 31. a4 Ne5 32. Rfxe7 Nc6 33. Rxb7 Ne5 34. Ree7 Kh8 35. Rxg7 Nd7 36. Rgxd7 1-0


[Site "https://www.chess.com"]

[Event "Titled Tuesday Blitz August 08 Early 2023"]
[White "Yuruultei Batbaatar"]
[Black "Martins, Bruno Andre Leite"]
[WhiteFideId "4905962"]
[BlackFideId "1942255"]
[WhiteElo "1433"]
[BlackElo "2527"]
[Result "0-1"]
[Round "1"]
[TimeControl "180+1"]
[Date "2023.08.08"]
[WhiteClock "0:00:21"]
[BlackClock "0:00:09"]
[Board "273"]

1. d4 Nf6 2. c4 e6 3. Nf3 d5 4. g3 c5 5. Bg2 cxd4 6. Nxd4 Nc6 7. O-O Bc5 8. Be3 Qb6 9. Nxc6 Bxe3 10. Ne5 Bd4 11. Nd3 dxc4 12. e3 cxd3 13. exd4 Qxd4 14. Nc3 O-O 15. Nb5 Qd7 16. Qb3 a6 17. Nc3 Rd8 18. Na4 Rb8 19. Rfd1 b5 20. Nc5 Qe7 21. Nxd3 Bb7 22. Ne5 Bxg2 23. Kxg2 Qb7+ 24. Qf3 Nd5 25. Rac1 Rbc8 26. a3 f6 27. Rxc8 Qxc8 28. Nd3 Qc2 29. Rc1 Qxd3 30. Qxd3 Nf4+ 31. gxf4 Rxd3 32. Rc6 a5 33. Rxe6 Rb3 34. Re2 Kf7 35. Rc2 Kg6 36. f3 a4 37. Kg3 Kf5 38. Rc5+ Ke6 39. Rc6+ Kd5 40. Rc2 Kd4 41. Kf2 h5 42. h4 Kd3 43. Rc7 Rxb2+ 44. Kg3 b4 45. axb4 a3 46. Rxg7 a2 47. Ra7 Kc2 48. b5 Kb1 49. b6 Rxb6 50. f5 Rb4 51. f4 a1=Q 52. Rxa1+ Kxa1 53. Kf3 Kb2 54. Kf2 Kc3 55. Ke3 Kc4 56. Ke4 Rb5 57. Ke3 Rxf5 58. Kf3 Kd4 59. Kg3 Ke4 60. Kh3 Kxf4 61. Kh2 Kg4 62. Kg2 Kxh4 63. Kh2 Rf2+ 64. Kg1 Kg3 65. Kh1 h4 66. Kg1 h3 67. Kh1 f5 68. Kg1 f4 69. Kh1 f3 70. Kg1 Ra2 71. Kh1 Rh2+ 72. Kg1 f2+ 73. Kf1 Rh1+ 74. Ke2 f1=Q+ 75. Ke3 Qf3+ 76. Kd2 Rd1+ 77. Kc2 h2 78. Kb2 h1=Q 79. Ka2 Ra1+ 80. Kb2 Qc1# 0-1


[Site "https://www.chess.com"]

[Event "Titled Tuesday Blitz August 08 Early 2023"]
[White "Carlsen, Magnus"]
[Black "Goh, Wei Ming Kevin"]
[WhiteFideId "1503014"]
[BlackFideId "5800706"]
[WhiteElo "3253"]
[BlackElo "2664"]
[Result "1-0"]
[Round "2"]
[TimeControl "180+1"]
[Date "2023.08.08"]
[WhiteClock "0:01:47"]
[BlackClock "0:00:00"]
[Board "1"]

1. c4 Nf6 2. Nc3 e5 3. e3 Bb4 4. Nge2 O-O 5. a3 Bxc3 6. Nxc3 c6 7. d4 exd4 8. Qxd4 Na6 9. Be2 Nc7 10. O-O d5 11. Rd1 Qe7 12. cxd5 Ncxd5 13. Nxd5 Nxd5 14. e4 Nb6 15. Bf4 Re8 16. Bf1 Be6 17. Bd6 Qg5 18. f4 Qa5 19. f5 Bb3 20. Rd3 Qa4 21. Bb4 f6 22. Re1 Kh8 23. e5 fxe5 24. Qh4 Nd5 25. Rh3 Nf6 26. g4 Bg8 27. g5 Nd5 28. f6 gxf6 29. gxf6 Re6 30. Bf8 1-0


[Site "https://www.chess.com"]

[Event "Titled Tuesday Blitz August 08 Early 2023"]
[White "Golubev, Mikhail"]
[Black "Vachier-Lagrave, Maxime"]
[WhiteFideId "14100983"]
[BlackFideId "623539"]
[WhiteElo "2657"]
[BlackElo "3185"]
[Result "1-0"]
[Round "2"]
[TimeControl "180+1"]
[Date "2023.08.08"]
[WhiteClock "0:00:24"]
[BlackClock "0:00:53"]
[Board "2"]

1. e4 c6 2. d4 d5 3. Nc3 dxe4 4. Nxe4 Nf6 5. Nxf6+ exf6 6. c3 Bd6 7. Bd3 O-O 8. Ne2 Re8 9. O-O Nd7 10. Ng3 g6 11. Bd2 f5 12. Qf3 Nf8 13. Ne2 Ne6 14. Rfe1 Ng5 15. Bxg5 Qxg5 16. g3 Bd7 17. Nf4 Kg7 18. b4 Qd8 19. Bc4 Rxe1+ 20. Rxe1 b5 21. Bb3 a5 22. Nd3 axb4 23. cxb4 Qc7 24. Nc5 Re8 25. Rxe8 Bxe8 26. Qe3 Qd8 27. Nb7 f4 28. gxf4 Qd7 29. Nxd6 Qg4+ 30. Qg3 Qe2 31. Nxe8+ Qxe8 32. Qe3 1-0


[Site "https://www.chess.com"]

[Event "Titled Tuesday Blitz August 08 Early 2023"]
[White "Sokolovsky, Yahli"]
[Black "Sarana, Alexey"]
[WhiteFideId "2820242"]
[BlackFideId "24133795"]
[WhiteElo "2654"]
[BlackElo "3096"]
[Result "1-0"]
[Round "2"]
[TimeControl "180+1"]
[Date "2023.08.08"]
[WhiteClock "0:00:09"]
[BlackClock "0:00:05"]
[Board "3"]

1. b3 e5 2. Bb2 Nc6 3. e3 d5 4. Nf3 e4 5. Nd4 Ne5 6. c4 dxc4 7. Bxc4 Nxc4 8. bxc4 c5 9. Nb5 a6 10. N5c3 Nf6 11. Qc2 Qb6 12. Nxe4 Nxe4 13. Qxe4+ Be6 14. Be5 Be7 15. Nc3 f6 16. Rb1 Qc6 17. Qxc6+ bxc6 18. Bg3 Bxc4 19. Rb7 Rd8 20. Kd1 h5 21. h4 Kf7 22. Kc2 Bd3+ 23. Kb2 Ke6 24. Na4 c4 25. Kc3 Rd5 26. Rc7 Rb5 27. Rxc6+ Kf5 28. Bd6 Bd8 29. Bc7 Be7 30. Bd6 Bxd6 31. Rxd6 Ra5 32. Kb4 Rb5+ 33. Ka3 Ra5 34. Kb4 Rb5+ 35. Kc3 Ra8 36. Rb6 Rd5 37. f3 Kg6 38. e4 Rdd8 39. Nc5 a5 40. a4 Rac8 41. Rb5 Ra8 42. Re1 Kh6 43. e5 fxe5 44. Rxe5 g6 45. Ne6 Rd7 46. Ng5 Bf5 47. Rbd5 Rb7 48. Rb5 Rd7 49. Red5 Re7 50. Rbc5 Rb8 51. Rxc4 Reb7 52. Rb5 Rxb5 53. axb5 Kg7 54. Rc7+ Kf8 55. Rc5 Ke7 56. d4 Bd7 57. b6 a4 58. Ra5 Rxb6 59. Ra7 Rb3+ 60. Kc4 Rb2 61. Ne4 Kd8 62. Nc5 Bf5 63. Kd5 Rxg2 64. Kd6 Ke8 65. Ra8+ Kf7 66. d5 Rg3 67. Rxa4 Rxf3 68. Ra7+ Kf6 69. Ra8 Rf4 70. Rf8+ Kg7 71. Ne6+ Bxe6 72. Rxf4 Bf5 73. Ke5 Bc8 74. d6 g5 75. hxg5 Kg6 76. Rf8 Bd7 77. Rd8 Bh3 78. d7 Bxd7 79. Rxd7 Kxg5 80. Rg7+ Kh6 81. Rg1 h4 82. Kf4 Kh5 83. Rh1 1-0


[Site "https://www.chess.com"]

[Event "Titled Tuesday Blitz August 08 Early 2023"]
[White "Firouzja, Alireza"]
[Black "Sagita, Catur Adi"]
[WhiteFideId "12573981"]
[BlackFideId "7104618"]
[WhiteElo "3095"]
[BlackElo "2651"]
[Result "1-0"]
[Round "2"]
[TimeControl "180+1"]
[Date "2023.08.08"]
[WhiteClock "0:00:09"]
[BlackClock "0:00:12"]
[Board "4"]

1. e4 c5 2. Nf3 d6 3. d4 cxd4 4. Nxd4 Nf6 5. Nc3 a6 6. f3 e5 7. Nb3 Be6 8. Be3 Be7 9. Qd2 O-O 10. O-O-O Nbd7 11. g4 b5 12. g5 Nh5 13. Kb1 Nb6 14. Nd5 Bxd5 15. exd5 Qc7 16. Na5 Nxd5 17. Qxd5 Qxa5 18. Bd3 Rab8 19. Rhg1 Qc7 20. Be4 g6 21. Rg4 Rfc8 22. Rh4 Qc4 23. Bxg6 Qxd5 24. Bxh7+ Kxh7 25. Rxh5+ Kg7 26. Rxd5 Rh8 27. Rh6 Rxh6 28. gxh6+ Kh7 29. a4 Bf8 30. c3 f5 31. Bg5 Kg6 32. h4 Rb6 33. Kc2 bxa4 34. Bd8 Rc6 35. Ra5 Kxh6 36. Rxa4 Kh5 37. Kd3 Bh6 38. c4 Bf4 39. b4 Rc8 40. Be7 Rc7 41. Bd8 Rc8 42. Bb6 Rc6 43. Rxa6 Kxh4 44. Bf2+ 1-0


[Site "https://www.chess.com"]

[Event "Titled Tuesday Blitz August 08 Early 2023"]
[White "Ovchinnikov, Vsevolod"]
[Black "Caruana, Fabiano"]
[WhiteFideId "24176842"]
[BlackFideId "2020009"]
[WhiteElo "2648"]
[BlackElo "3089"]
[Result "0-1"]
[Round "2"]
[TimeControl "180+1"]
[Date "2023.08.08"]
[WhiteClock "0:00:04"]
[BlackClock "0:00:53"]
[Board "5"]

1. d4 Nf6 2. c4 d6 3. Nf3 g6 4. Nc3 Bf5 5. Nh4 Bd7 6. e4 e5 7. Nf3 Nc6 8. d5 Ne7 9. h3 Bg7 10. g4 O-O 11. Rg1 c6 12. Bd3 cxd5 13. cxd5 b5 14. a3 a5 15. Be3 b4 16. Ne2 Nexd5 17. exd5 e4 18. Nf4 exd3 19. Qxd3 Re8 20. Nd2 Rb8 21. a4 b3 22. Kf1 Rb4 23. Kg2 Bxa4 24. Qa6 g5 25. Nh5 Nxh5 26. gxh5 g4 27. Kh1 Qh4 28. Qf1 Bxb2 29. Rb1 Bc3 30. Nf3 Qxh5 31. Nh2 Qxd5+ 32. Rg2 Bc6 33. Nxg4 Qxg2+ 34. Qxg2 Bxg2+ 35. Kxg2 a4 0-1


[Site "https://www.chess.com"]

[Event "Titled Tuesday Blitz August 08 Early 2023"]
[White "Fedoseev, Vladimir"]
[Black "Yaran, Siar"]
[WhiteFideId "24130737"]
[BlackFideId "6323006"]
[WhiteElo "3083"]
[BlackElo "2648"]
[Result "1-0"]
[Round "2"]
[TimeControl "180+1"]
[Date "2023.08.08"]
[WhiteClock "0:00:15"]
[BlackClock "0:00:00"]
[Board "6"]

1. Nf3 Nf6 2. g3 e6 3. Bg2 d5 4. O-O Be7 5. c4 O-O 6. d3 b6 7. cxd5 Nxd5 8. a3 Bb7 9. b4 a5 10. b5 a4 11. Bb2 c6 12. bxc6 Nxc6 13. e4 Nf6 14. Nc3 b5 15. Nxb5 Qb6 16. Rb1 Na5 17. Qxa4 Nd7 18. Qd4 Qxd4 19. Bxd4 Rfc8 20. Ne5 Nxe5 21. Bxe5 Ba6 22. Nc7 Bxd3 23. Nxa8 Rxa8 24. a4 Bxb1 25. Rxb1 Nc6 26. Bc7 Ra7 27. e5 Rxc7 28. Rc1 Bd8 29. Bxc6 Kf8 30. Rd1 Ke7 31. Bb5 f6 32. exf6+ gxf6 33. Rd4 Ra7 34. Rh4 Kd6 35. Kg2 Bb6 36. Rh6 Ke5 37. h4 f5 38. Bc4 Re7 39. Kf3 Kd6 40. Ke2 Ke5 41. f4+ Kd6 42. Kf3 Bc7 43. g4 fxg4+ 44. Kxg4 Rg7+ 45. Kf3 Re7 46. f5 Ke5 47. Rxe6+ Rxe6 48. fxe6 Bd8 49. a5 Kd6 50. a6 Bb6 51. Kg4 h6 52. Kh5 Be3 53. Kg6 Ke7 54. h5 Ke8 55. Kf6 Bd4+ 56. Kf5 Ke7 57. Ke4 Ba7 58. Kd5 1-0


[Site "https://www.chess.com"]

[Event "Titled Tuesday Blitz August 08 Early 2023"]
[White "Tarhan, Adar"]
[Black "Erigaisi Arjun"]
[WhiteFideId "34544712"]
[BlackFideId "35009192"]
[WhiteElo "2643"]
[BlackElo "3076"]
[Result "0-1"]
[Round "2"]
[TimeControl "180+1"]
[Date "2023.08.08"]
[WhiteClock "0:00:01"]
[BlackClock "0:00:52"]
[Board "7"]

1. d4 g6 2. e4 Bg7 3. c3 d6 4. Bd3 a6 5. Nf3 b5 6. a4 bxa4 7. Qxa4+ Nd7 8. O-O e6 9. Bg5 Ne7 10. Bxe7 Qxe7 11. Qc6 Ra7 12. Na3 O-O 13. Nc2 Nb8 14. Qa4 Bd7 15. Qa3 Rc8 16. e5 Bf8 17. exd6 Qxd6 18. Ne5 Be8 19. Qa5 c5 20. Nc4 Qd8 21. Qxd8 Rxd8 22. Rfd1 cxd4 23. Nxd4 Bg7 24. Be4 Rad7 25. Nb6 Rd6 26. Nc4 R6d7 27. Nb6 Rxd4 28. cxd4 Bxd4 29. Nc4 Bb5 30. Rac1 Kg7 31. Na5 Be2 32. Re1 Bb5 33. Red1 e5 34. Nc6 Bxc6 35. Bxc6 Nxc6 36. Rxc6 Bxf2+ 37. Kxf2 Rxd1 38. Ke2 Rg1 39. Kf2 Rb1 40. Rb6 h5 41. Ke3 h4 42. Ke4 f6 43. g4 Rg1 44. h3 Rg3 45. Rxa6 Rxh3 46. g5 fxg5 47. Kxe5 Rb3 48. Ra7+ Kh6 49. Ra2 Kh5 50. Kf6 h3 51. Ra5 Rb6+ 52. Kg7 h2 53. Ra8 Kg4 54. Rh8 Kg3 55. b4 g4 56. b5 g5 57. Rh5 Rxb5 58. Kh6 Kg2 59. Rh3 gxh3 60. Kh5 Kg3 0-1


[Site "https://www.chess.com"]

[Event "Titled Tuesday Blitz August 08 Early 2023"]
[White "Skuhala, Jernej"]
[Black "Pranesh M"]
[WhiteFideId "14605651"]
[BlackFideId "35028600"]
[WhiteElo "2641"]
[BlackElo "3044"]
[Result "0-1"]
[Round "2"]
[TimeControl "180+1"]
[Date "2023.08.08"]
[WhiteClock "0:00:05"]
[BlackClock "0:00:47"]
[Board "8"]

1. e4 e5 2. Nf3 Nc6 3. Bb5 a6 4. Ba4 Nf6 5. O-O Bc5 6. c3 O-O 7. d4 Ba7 8. Bxc6 dxc6 9. Nxe5 Nxe4 10. Qf3 Nd6 11. Nd2 Be6 12. Qg3 f6 13. Nd3 Qd7 14. Nb3 Qf7 15. Nbc5 Bf5 16. Bf4 Rad8 17. Bxd6 cxd6 18. Nb3 d5 19. Qe3 Bb8 20. Rfe1 Qc7 21. g3 Qc8 22. Nf4 b6 23. a4 a5 24. Qd2 Rfe8 25. Rac1 Be4 26. Re3 g5 27. Ng2 Kf7 28. f3 Bg6 29. Rce1 h5 30. Nc1 Rxe3 31. Rxe3 Bd6 32. Nd3 Rh8 33. Nf2 h4 34. gxh4 gxh4 35. Ng4 h3 36. Ne1 Bf4 37. Re7+ Kxe7 38. Qxf4 Bf5 39. Ne3 Be6 40. Kf2 Qb8 41. Nd3 Rg8 42. Qxb8 Rxb8 43. Nf4 Bd7 44. Kg3 Rg8+ 45. Kf2 Kd6 46. b3 Rb8 47. Nh5 Ke7 48. Nf4 b5 49. Nd3 bxa4 50. bxa4 Rb3 51. Nd1 Rb1 52. Ke2 Bf5 53. Nc5 Ra1 54. Ne3 Ra2+ 55. Kf1 Bc8 56. Kg1 Kf7 57. f4 Re2 58. Nf1 Rg2+ 59. Kh1 Rc2 60. Kg1 Rxc3 61. Kf2 Rc4 62. Ke3 Rc1 63. Ng3 Rc2 64. Ne2 Bg4 65. Ng3 Rxh2 66. Nf1 Re2+ 0-1


[Site "https://www.chess.com"]

[Event "Titled Tuesday Blitz August 08 Early 2023"]
[White "Lazavik, Denis"]
[Black "benny_aizenberg"]
[WhiteFideId "13515110"]
[WhiteElo "3039"]
[BlackElo "2638"]
[Result "1-0"]
[Round "2"]
[TimeControl "180+1"]
[Date "2023.08.08"]
[WhiteClock "0:01:02"]
[BlackClock "0:00:11"]
[Board "9"]

1. d4 f5 2. c4 Nf6 3. Nf3 g6 4. g3 Bg7 5. Bg2 O-O 6. O-O d6 7. Nc3 c6 8. d5 e5 9. dxe6 Bxe6 10. b3 h6 11. Bb2 Na6 12. Qc2 Qe7 13. Rad1 Rad8 14. e3 Rfe8 15. Ne2 Nc5 16. Nf4 Bf7 17. Nh4 Kh7 18. Bh3 Nce4 19. Bxf5 gxf5 20. Nxf5 Qd7 21. Nxd6 Qxd6 22. Rxd6 Rxd6 23. f3 Rd2 24. Qc1 Rxb2 25. Qxb2 Nc5 26. Qc2+ Kg8 27. e4 Nfd7 28. Rd1 Ne5 29. Kg2 Bf8 30. Ne2 Bh5 31. g4 Bg6 32. Ng3 Bg7 33. Nf5 h5 34. h3 hxg4 35. hxg4 Bxf5 36. gxf5 Kf7 37. b4 Ncd7 38. f4 Nf6 39. fxe5 Rxe5 40. Kf3 Bf8 41. c5 a5 42. a3 axb4 43. axb4 Re8 44. Qc4+ Ke7 45. Qe6# 1-0


[Site "https://www.chess.com"]

[Event "Titled Tuesday Blitz August 08 Early 2023"]
[White "Jeet, Jain"]
[Black "Grischuk, Alexander"]
[WhiteFideId "5073022"]
[BlackFideId "4126025"]
[WhiteElo "2638"]
[BlackElo "3027"]
[Result "0-1"]
[Round "2"]
[TimeControl "180+1"]
[Date "2023.08.08"]
[WhiteClock "0:00:07"]
[BlackClock "0:00:10"]
[Board "10"]

1. d4 e6 2. Nf3 c5 3. c3 Nf6 4. Bf4 b6 5. e3 Bb7 6. Nbd2 cxd4 7. exd4 Be7 8. h3 O-O 9. Bd3 d6 10. Qe2 Nbd7 11. O-O Re8 12. Ne4 Nxe4 13. Bxe4 Bxe4 14. Qxe4 Qc7 15. a4 a6 16. Rfe1 h6 17. Bg3 Nf6 18. Qd3 Qb7 19. Nd2 b5 20. axb5 axb5 21. Qf3 Qxf3 22. Nxf3 d5 23. Nd2 b4 24. f3 Rec8 25. Rxa8 Rxa8 26. Rb1 Rc8 27. Rc1 Nh5 28. Bh2 Bg5 29. Rc2 Be3+ 30. Kf1 Bxd4 31. Nb1 Nf6 32. Ke2 bxc3 33. bxc3 Nd7 34. Kd2 Bf6 35. Na3 Be7 36. Nb5 Nb6 37. Nd4 Bf6 38. Ra2 Nc4+ 39. Kd3 g5 40. Ra7 Ne5+ 41. Bxe5 Bxe5 42. Ra4 Bf6 43. Nb5 Rc6 44. c4 Rb6 45. Rb4 Be7 46. Rb1 dxc4+ 47. Kxc4 Ra6 48. Nc3 Kg7 49. Kd3 Ra3 50. Kc2 Bf6 51. Rb3 Rxb3 52. Kxb3 Bxc3 53. Kxc3 Kf6 54. Kd4 Kf5 55. Ke3 h5 56. g4+ hxg4 57. hxg4+ Ke5 58. Kd3 Kf4 59. Ke2 Kg3 60. Ke3 f5 0-1


[Site "https://www.chess.com"]

[Event "Titled Tuesday Blitz August 08 Early 2023"]
[White "Paravyan, David"]
[Black "Saya, Ethan"]
[WhiteFideId "4194985"]
[BlackFideId "26095181"]
[WhiteElo "3025"]
[BlackElo "2635"]
[Result "1-0"]
[Round "2"]
[TimeControl "180+1"]
[Date "2023.08.08"]
[WhiteClock "0:02:30"]
[BlackClock "0:00:06"]
[Board "11"]

1. e4 e6 2. d4 d5 3. Nd2 c5 4. Ngf3 cxd4 5. Nxd4 Nf6 6. exd5 Qxd5 7. Nb5 Na6 8. Nc3 Qd6 9. Qe2 Be7 10. Nc4 Qd8 11. g3 Bd7 12. Bg2 Bc6 13. Bxc6+ bxc6 14. Ne5 Nb8 15. O-O O-O 16. Rd1 Qa5 17. Bg5 h6 18. Bxf6 Bxf6 19. Nc4 Qa6 20. Ne4 Bxb2 21. Rab1 Be5 22. Nc5 Qxa2 23. Nxe5 Qa3 24. Qc4 a5 25. Rd3 1-0


[Site "https://www.chess.com"]

[Event "Titled Tuesday Blitz August 08 Early 2023"]
[White "Radzhabov, Rodion"]
[Black "Makarian, Rudik"]
[WhiteFideId "884715"]
[BlackFideId "44105681"]
[WhiteElo "2634"]
[BlackElo "3017"]
[Result "0-1"]
[Round "2"]
[TimeControl "180+1"]
[Date "2023.08.08"]
[WhiteClock "0:00:05"]
[BlackClock "0:00:05"]
[Board "12"]

1. e4 c5 2. Nf3 d6 3. d4 cxd4 4. Qxd4 Nf6 5. Nc3 Nc6 6. Bb5 Bd7 7. Bxc6 Bxc6 8. Bg5 e6 9. O-O-O Be7 10. Qd3 Qa5 11. h4 h6 12. Bd2 e5 13. Kb1 Rc8 14. Nd5 Qd8 15. Nxf6+ Bxf6 16. Bb4 Be7 17. Rhe1 Rc7 18. Bxd6 Rd7 19. Bxe7 Qxe7 20. Qc3 Rxd1+ 21. Rxd1 O-O 22. Qxe5 Qxe5 23. Nxe5 Bxe4 24. f3 Bf5 25. Nc4 Rc8 26. Ne3 Be6 27. Rd3 Kf8 28. b3 Ke7 29. Kb2 Kf6 30. c4 g5 31. h5 Ke5 32. g3 f5 33. Nd5 f4 34. gxf4+ gxf4 35. Rd1 Rd8 36. Re1+ Kf5 37. Ne7+ Kf6 38. Ng6 Bf7 39. Nxf4 Rd4 40. Ne2 Rh4 41. Nc3 Rxh5 42. Ne4+ Kg7 43. Kc3 Rh3 44. Rg1+ Kf8 45. Rg3 Rxg3 46. Nxg3 Kg7 47. Kd4 Kf6 48. Ke4 Bg6+ 49. Kf4 Bb1 50. a3 Ba2 51. Ne4+ Ke6 52. Nc5+ Ke7 53. Nxb7 Bxb3 54. Na5 Ba2 55. c5 Bd5 56. Ke3 Ke6 57. f4 h5 58. Kd4 h4 59. f5+ Kf6 60. Kxd5 h3 61. c6 h2 62. c7 h1=Q+ 63. Kd6 Qd1+ 64. Kc6 Qc2+ 65. Kb7 Qb2+ 66. Kxa7 Qd4+ 67. Kb8 Qe5 68. Kb7 Qb5+ 69. Kc8 Qxa5 70. Kb8 Qb6+ 71. Kc8 Ke7 72. f6+ Kxf6 73. Kd7 Qe6+ 74. Kd8 Qd6+ 75. Kc8 Ke7 76. Kb7 Qd5+ 77. Kb6 Qb3+ 78. Ka7 Qa4+ 0-1


[Site "https://www.chess.com"]

[Event "Titled Tuesday Blitz August 08 Early 2023"]
[White "Martinez Alcantara, Jose Eduardo"]
[Black "Tologon tegin, Semetei"]
[WhiteFideId "3805662"]
[BlackFideId "13800574"]
[WhiteElo "3016"]
[BlackElo "2634"]
[Result "1-0"]
[Round "2"]
[TimeControl "180+1"]
[Date "2023.08.08"]
[WhiteClock "0:01:16"]
[BlackClock "0:00:00"]
[Board "13"]

1. e4 e5 2. Nf3 Nc6 3. Nc3 Nf6 4. h3 h6 5. Bc4 Bc5 6. d3 d6 7. Be3 Bxe3 8. fxe3 Be6 9. Bb3 d5 10. exd5 Nxd5 11. Qd2 Nxc3 12. Qxc3 Bxb3 13. Qxb3 Qd7 14. O-O O-O-O 15. Nh4 Rdf8 16. Rf2 Qd8 17. Qc4 Qg5 18. Re1 Kb8 19. Nf3 Qh5 20. Ref1 f5 21. d4 f4 22. Nxe5 Nxe5 23. dxe5 Qxe5 24. Qd4 Qe6 25. Rxf4 Rxf4 26. exf4 Qxa2 27. Qxg7 Rg8 28. Qe5 Qc4 29. Rf2 b6 30. f5 Qa4 31. f6 Re8 32. Qf4 Qa1+ 33. Kh2 Qxb2 34. Qxh6 Qe5+ 35. Qf4 Qe6 36. f7 Rf8 37. g4 a5 38. g5 a4 39. Qf6 1-0


[Site "https://www.chess.com"]

[Event "Titled Tuesday Blitz August 08 Early 2023"]
[White "Popilski, Gil"]
[Black "Aronian, Levon"]
[WhiteFideId "2809060"]
[BlackFideId "13300474"]
[WhiteElo "2634"]
[BlackElo "3016"]
[Result "0-1"]
[Round "2"]
[TimeControl "180+1"]
[Date "2023.08.08"]
[WhiteClock "0:00:23"]
[BlackClock "0:01:00"]
[Board "14"]

1. e4 c5 2. Nf3 e6 3. d4 cxd4 4. Nxd4 Nc6 5. Nc3 Qc7 6. Be3 a6 7. Bd3 Nf6 8. O-O b5 9. Nxc6 dxc6 10. f4 c5 11. e5 Nd7 12. a4 b4 13. Ne4 Bb7 14. Nd2 Nb6 15. a5 Nd5 16. Nc4 Nxe3 17. Nxe3 c4 18. Nxc4 Bc5+ 19. Kh1 O-O 20. Nd6 Bxd6 21. exd6 Qc6 22. Qd2 Rad8 23. f5 exf5 24. Rxf5 Rxd6 25. Raf1 b3 26. cxb3 Rxd3 0-1


[Site "https://www.chess.com"]

[Event "Titled Tuesday Blitz August 08 Early 2023"]
[White "Weishaeutel, Moritz"]
[Black "Megaranto, Susanto"]
[WhiteFideId "12967300"]
[BlackFideId "7101384"]
[WhiteElo "2632"]
[BlackElo "2999"]
[Result "1-0"]
[Round "2"]
[TimeControl "180+1"]
[Date "2023.08.08"]
[WhiteClock "0:01:21"]
[BlackClock "0:00:11"]
[Board "15"]

1. e4 c6 2. Nc3 d5 3. Qe2 a6 4. f4 dxe4 5. Nxe4 g6 6. Nf3 Bg7 7. g3 Nf6 8. Bg2 Nxe4 9. Qxe4 Bf5 10. Qc4 Nd7 11. d3 O-O 12. O-O Nb6 13. Qb3 Be6 14. Qa3 Nd5 15. c3 Re8 16. Re1 b5 17. Ne5 Qb6+ 18. Kh1 Rac8 19. c4 bxc4 20. dxc4 Nb4 21. Be3 c5 22. Rac1 Rcd8 23. Red1 Bxe5 24. fxe5 Rxd1+ 25. Rxd1 Bg4 26. Rd2 Bc8 27. Qa4 Rd8 28. Bxc5 Qxc5 29. Rxd8+ Kg7 30. Rxc8 1-0


[Site "https://www.chess.com"]

[Event "Titled Tuesday Blitz August 08 Early 2023"]
[White "Tabatabaei, M. Amin"]
[Black "Sharavdorj, Dashzegve"]
[WhiteFideId "12521213"]
[BlackFideId "4900340"]
[WhiteElo "2997"]
[BlackElo "2632"]
[Result "1-0"]
[Round "2"]
[TimeControl "180+1"]
[Date "2023.08.08"]
[WhiteClock "0:02:39"]
[BlackClock "0:01:28"]
[Board "16"]

1. b3 d5 2. Bb2 c6 3. Nf3 Bg4 4. e3 Nd7 5. h3 Bh5 6. d3 e6 7. Nbd2 Ngf6 8. g4 Bg6 9. Nh4 Bb4 10. a3 Ba5 11. Nxg6 hxg6 12. Bg2 Qe7 13. b4 Bc7 14. c4 O-O 15. g5 Nh7 16. h4 e5 17. cxd5 cxd5 18. Bxd5 Nb6 19. Bxb7 Rad8 20. Be4 Nd5 21. Qf3 Nb6 22. Rc1 Na4 23. Ba1 Bb6 24. Ke2 a5 25. Rcg1 axb4 26. axb4 Qxb4 27. h5 1-0


[Site "https://www.chess.com"]

[Event "Titled Tuesday Blitz August 08 Early 2023"]
[White "Zarubitski, Viachaslau"]
[Black "Andreikin, Dmitry"]
[WhiteFideId "13509373"]
[BlackFideId "4158814"]
[WhiteElo "2630"]
[BlackElo "2996"]
[Result "0-1"]
[Round "2"]
[TimeControl "180+1"]
[Date "2023.08.08"]
[WhiteClock "0:00:00"]
[BlackClock "0:00:10"]
[Board "17"]

1. e4 c5 2. Nf3 e6 3. d4 cxd4 4. Nxd4 a6 5. c4 Nf6 6. Nc3 Qc7 7. a3 d6 8. Be3 Be7 9. Rc1 O-O 10. Be2 b6 11. O-O Bb7 12. f3 Nbd7 13. b4 Rfd8 14. Qe1 Nf8 15. Qf2 N6d7 16. Nb3 Rdb8 17. f4 Ng6 18. g3 Bf6 19. Bd3 Rc8 20. h4 h6 21. h5 Ngf8 22. g4 Rab8 23. g5 Bxc3 24. Rxc3 hxg5 25. fxg5 Ne5 26. h6 Nfg6 27. hxg7 Ng4 28. Qg3 Nxe3 29. Qxe3 Kxg7 30. Rc2 Rh8 31. Nd4 Rh4 32. Rcf2 Rg4+ 33. Rg2 Rxg2+ 34. Kxg2 Rh8 35. Nf3 e5 36. Nh2 Qd7 37. Be2 Bxe4+ 38. Kg1 Qh3 39. Qxh3 Rxh3 40. Nf3 Nf4 41. Bd1 Kg6 42. Kf2 Bxf3 43. Bxf3 Kxg5 44. Rg1+ Kf5 45. Bg4+ Kf6 46. Rf1 Rxa3 47. Bc8 a5 48. c5 dxc5 49. bxc5 bxc5 50. Rb1 c4 51. Rb6+ Kg5 0-1


[Site "https://www.chess.com"]

[Event "Titled Tuesday Blitz August 08 Early 2023"]
[White "Kramnik, Vladimir"]
[Black "HamedWafa4"]
[WhiteFideId "4101588"]
[WhiteElo "2996"]
[BlackElo "2628"]
[Result "1-0"]
[Round "2"]
[TimeControl "180+1"]
[Date "2023.08.08"]
[WhiteClock "0:00:46"]
[BlackClock "0:00:27"]
[Board "18"]

1. e4 e5 2. Nf3 Nc6 3. Bb5 a6 4. Ba4 Nf6 5. d3 d6 6. c3 g6 7. O-O Bg7 8. h3 O-O 9. Be3 b5 10. Bc2 Nb8 11. a4 Bb7 12. axb5 axb5 13. Rxa8 Bxa8 14. Na3 Qe8 15. b4 Nh5 16. c4 bxc4 17. Nxc4 Nf4 18. d4 Nd7 19. dxe5 dxe5 20. Ba4 c6 21. Qd6 Nf6 22. Qxe5 Nd3 23. Qxe8 Rxe8 24. Nd6 Re6 25. Bc5 Nxc5 26. bxc5 Nxe4 27. Bb3 Re7 28. Re1 1-0


[Site "https://www.chess.com"]